 Dungeon Crawl Stone Soup version 0.31-a0-152-g6aa68a64a1 (webtiles) character file.

Game seed: 10646953951917407339

88 qw the Shooter (level 4, -2/28 HPs)
             Began as a Gargoyle Hunter on June 10, 2023.
             Slain by a gnoll
             ... wielding a +0 whip
              (4 damage)
             ... on level 3 of the Dungeon.
             The game lasted 00:00:29 (1479 turns).

qw the Shooter (Gargoyle Hunter)                    Turns: 1479, Time: 00:00:29

Health: -2/28      AC:  6    Str: 14    XL:     4   Next: 53%
Magic:  4/4        EV: 11    Int: 10    God:
Gold:   108        SH:  0    Dex: 15    Spells: 3/3 levels left

rFire   . . .        Y - +3 shortbow
rCold   + . .        (shield currently unavailable)
rNeg    + . .        a - +0 leather armour {rC+}
rPois   inf          (no helmet)
rElec   +            (no cloak)
rCorr   .            (no gloves)
SInv    .            (no boots)
Will    .....        (no amulet)
Stlth   ++           (no ring)
HPRegen 0.24/turn    (no ring)
MPRegen 0.09/turn

%: no passive effects
@: no status effects
A: sickness immunity, AC +3, negative energy resistance 1, electricity
resistance, torment resistance 1, petrification resistance
a: no special abilities


You were on level 3 of the Dungeon.
You visited 1 branch of the dungeon, and saw 3 of its levels.

You collected 108 gold pieces.


Innate Abilities, Weirdness & Mutations

You are immune to sickness and miasma.
Your stone body is resilient. (AC +3)
You are immune to poison.
You resist negative energy. (rN+)
You are resistant to electric shocks. (rElec)
You are resistant to unholy torment.
You are immune to petrification.


   Skills:
 - Level 3.0 Fighting
 + Level 5.4 Ranged Weapons
 - Level 1.5 Dodging
 - Level 1.1 Stealth


You had 3 spell levels left.
You didn't know any spells.
Your spell library was empty.

Inventory:

Hand Weapons
 Y - a +3 shortbow (weapon)
Armour
 a - a +0 leather armour of cold resistance (worn)
Potions
 b - a potion of brilliance {unknown}
 d - a potion of lignification {unknown}
 h - a potion of curing {unknown}

Dungeon Overview and Level Annotations

Branches:
Dungeon (3/15)

Altars:


Message History

You shoot an arrow. The arrow barely misses the gnoll.
The arrow closely misses the kobold.
The gnoll hits you from afar with a +0 halberd!
You shoot an arrow. The arrow hits the gnoll!
You kill the gnoll!
You shoot an arrow. The arrow hits the gnoll!
The gnoll is almost dead.
The gnoll closely misses you. The gnoll barely misses you.
The adder closely misses you. The gnoll barely misses you.
The gnoll hits you with a +0 whip.
You shoot an arrow.
The arrow hits the gnoll but does no damage.
The gnoll is severely wounded.
The adder bites you. The gnoll misses you. The gnoll hits you with a +0 whip.
The adder bites you but does no damage.
You shoot an arrow. The arrow closely misses the gnoll. x2
The gnoll closely misses you. The adder bites you.
The gnoll hits you with a +0 whip.
You shoot an arrow. The arrow hits the gnoll!
You kill the gnoll!
The adder closely misses you. The gnoll hits you with a +0 whip.
The adder bites you.
You shoot an arrow. The arrow barely misses the gnoll.
The kobold hits you but does no damage. The gnoll hits you with a +0 whip.
The adder barely misses you.
You shoot an arrow. The arrow barely misses the gnoll. x2
The adder bites you. The kobold barely misses you.
The gnoll closely misses you. The adder bites you but does no damage.
The gnoll barely misses you.
You shoot an arrow. The arrow hits the gnoll!
The gnoll is severely wounded.
The adder bites you but does no damage. The gnoll barely misses you.
You shoot an arrow. The arrow hits the gnoll.
You kill the gnoll!
The adder closely misses you. The gnoll closely misses you.
You shoot an arrow. The arrow hits the gnoll.
The gnoll is moderately wounded.
The adder closely misses you. x2
The kobold hits you with a +0 short sword.
The gnoll hits you with a +0 whip.
You die...

##########
#........#
#.######.#
####+###.#....#.#
.......#.#<.#.#.#
.......#.####.#.#
.......#......#.#
......S########.#
......g@........#
......K##########
.....). .......
....... .......
....... .......


You could see a gnoll, an adder and a kobold.

Vanquished Creatures
  3 gnolls (D:3)
  2 adders (D:2)
  A worm (D:2)
  2 dart slugs (D:2)
  3 bats (D:1)
  An endoplasm (D:2)
  5 goblins
  2 hobgoblins
  2 kobolds
  3 quokkas
  4 ball pythons
  2 frilled lizards
  5 rats
35 creatures vanquished.

Notes
Turn   | Place    | Note
-------+----------+-------------------------------------------
     0 | D:1      | qw the Gargoyle Hunter began the quest for the Orb.
     0 | D:1      | Reached XP level 1. HP: 12/12 MP: 1/1
     0 | D:1      | 0 ||| qw: Version: 0.2-a-29-g0080da8
     0 | D:1      | 0 ||| qw: Game counter: 3831
     0 | D:1      | 0 ||| qw: Always use a shield: true
     0 | D:1      | 0 ||| qw: God list: Okawaru
     0 | D:1      | 0 ||| qw: Allow faded altars: false
     0 | D:1      | 0 ||| qw: Do Orc after D:15 true
     0 | D:1      | 0 ||| qw: Do second Lair branch before Depths: true
     0 | D:1      | 0 ||| qw: Lair rune preference: random
     0 | D:1      | 0 ||| qw: Plans: Normal, Zot:1-4, Slime:5, God:TSO, Crypt,
                  | Tomb, Abyss, Pan, Hells, Win
     0 | D:1      | 0 ||| PLANNING D:1-11
    99 | D:1      | Reached XP level 2. HP: 17/17 MP: 2/2
   412 | D:1      | 412 ||| READING scroll labelled PEVAEDDI ERGHIGG.
   417 | D:1      | 417 ||| READING 2 scrolls labelled KYLLYZ AREOGA.
   418 | D:1      | 418 ||| READING scroll labelled IXUDIOCS RUMAXT.
   419 | D:1      | 419 ||| DROPPING scroll of butterflies.
   420 | D:1      | 420 ||| DROPPING scroll of fog.
   485 | D:2      | 485 ||| READING scroll of enchant weapon.
   485 | D:2      | 485 ||| ENCHANTING +1 shortbow.
   504 | D:2      | Reached skill level 5 in Ranged Weapons
   504 | D:2      | Reached XP level 3. HP: 19/21 MP: 3/3
   589 | D:2      | 589 ||| Stepping ~*~*~tactically~*~*~ (outnumbered).
   591 | D:2      | 591 ||| Stepping ~*~*~tactically~*~*~ (outnumbered).
   593 | D:2      | 593 ||| Stepping ~*~*~tactically~*~*~ (outnumbered).
   595 | D:2      | 595 ||| Stepping ~*~*~tactically~*~*~ (outnumbered).
   710 | D:2      | Reached skill level 3 in Fighting
   854 | D:2      | 854 ||| READING scroll of enchant weapon.
   854 | D:2      | 854 ||| ENCHANTING +2 shortbow.
  1118 | D:2      | Reached XP level 4. HP: 28/28 MP: 4/4
  1381 | D:2      | 1381 ||| UPGRADING to +0 leather armour of cold resistance.
  1391 | D:2      | 1391 ||| DROPPING +0 leather armour.
  1392 | D:2      | 1392 ||| READING scroll labelled OVUTHI FIAPU.
  1474 | D:3      | HP: 5/28 [gnoll/+0 whip (5)]
  1476 | D:3      | HP: 2/28 [adder (1)]
  1479 | D:3      | Slain by a gnoll

Levels and vault maps discovered:
D:1:      saegor_arrival_simple_c, layout_rooms
D:2:      layout_basic, minmay_diced_spiral
D:3:      layout_basic, hangedman_decor_clover_reticule,
          amcnicky_mini_pool_small, minivault_27, uniq_terence

Skill      XL: |  1  2  3 |
---------------+----------+-----
Ranged Weapons | 5 |  5.4
Fighting       | 3 |  3.0
Dodging        | |  1.5
Stealth        | |  1.1

Action                     |  1- 3 |  4- 6 || total
---------------------------+-------+-------++-------
   Fire: Shortbow          |    87 |    14 ||   101
    Use: Scroll            |     5 |     1 ||     6
 Armour: Leather armour    |    14 |     4 ||    18
  Dodge: Dodged            |    17 |    16 ||    33

Table legend:
 A = Non-vault XP
 B = Vault XP
 C = Vault XP percentage of total XP
 D = Non-vault monster count
 E = Vault monster count
 F = Vault count percentage of total count
                 A         B        C        D         E       F
            +---------+---------+-------+---------+---------+-------
      Total |     119 |       7 |   5.6 |      32 |       3 |   8.6
            +---------+---------+-------+---------+---------+-------
        D:1 |      24 |       0 |   0.0 |      16 |       0 |   0.0
        D:2 |      51 |       7 |  12.1 |      13 |       3 |  18.8
        D:3 |      44 |       0 |   0.0 |       3 |       0 |   0.0
            +---------+---------+-------+---------+---------+-------
